 Dungeon Crawl Stone Soup version 0.28.0-47-ge53b351184 (webtiles) character file.

Game seed: 15577145812002721006

448 Eitelfritz the Slasher (level 6, -4/47 HPs)
             Began as a Demonspawn Gladiator on May 4, 2022.
             Splashed by a jelly's acid (11 damage)
             ... on level 3 of the Dungeon.
             The game lasted 00:07:12 (4500 turns).

Eitelfritz the Slasher (Demonspawn Gladiator)       Turns: 4500, Time: 00:07:13

Health: -4/47      AC:  7    Str: 16    XL:     6   Next: 73%
Magic:  7/7        EV: 10    Int: 10    God:
Gold:   161        SH:  0    Dex: 14    Spells: 5/7 levels left

rFire   . . .      SeeInvis .   a - +0 long sword
rCold   . . .      Faith    .   (no shield)
rNeg    . . .      Spirit   .   f - +0 scale mail
rPois   .          Reflect  .   c - +0 helmet
rElec   .          Harm     .   (no cloak)
rCorr   .          Rampage  .   r - +2 pair of gloves
Will    .....                   o - +0 pair of boots
Stlth   +.........              (no amulet)
HPRegen 0.15/turn               (no ring)
MPRegen 0.20/turn               (no ring)

@: corroded
A: magic regeneration, demonic magic 2
a: no special abilities


You were on level 3 of the Dungeon.
You visited 1 branch of the dungeon, and saw 4 of its levels.

You collected 161 gold pieces.

Inventory:

Hand Weapons
 a - a +0 long sword (weapon)
 k - a +2 short sword of speed
Missiles
 d - 2 throwing nets (quivered)
 h - 5 poisoned darts
Armour
 b - a +0 leather armour
 c - a +0 helmet (worn)
 f - a +0 scale mail (worn)
 o - a +0 pair of boots (worn)
 r - a +2 pair of gloves (worn)
Jewellery
 l - a ring of magical power
Wands
 j - a wand of polymorph (6)
Scrolls
 i - a scroll of teleportation
Potions
 e - a potion of heal wounds {unknown}
 g - a potion of invisibility {unknown}
 m - 2 potions of curing
 p - a potion of resistance {unknown}
 u - a potion of degeneration {unknown}
 v - a potion of mutation {unknown}
 w - a potion of haste {unknown}


   Skills:
 + Level 3.1 Fighting
 + Level 4.8 Long Blades
 + Level 2.0 Throwing
 + Level 2.2 Armour
 + Level 3.7 Dodging
 + Level 1.7 Stealth
 * Level 1.1 Spellcasting


You had 5 spell levels left.
You knew the following spells:

 Your Spells              Type           Power      Damage    Failure   Level
a - Static Discharge      Conj/Air       0%         N/A       88%         2

Your spell library contained the following spells:

 Spells                   Type           Power      Damage    Failure   Level
 Beastly Appendage        Tmut           0%         N/A       77%         1
 Wereblood                Tmut           0%         N/A       88%         2
 Spider Form              Tmut/Pois      0%         N/A       98%         3
 Lightning Bolt           Conj/Air       0%         1d11      100%        5
 Maxwell's Capacitive Co  Air            0%         ∞         100%        8


Dungeon Overview and Level Annotations

Branches:
Dungeon (4/15)
 Temple: D:4-7

Altars:
Cheibriados
Kikubaaqudgha

Shops:
D:1 (


Innate Abilities, Weirdness & Mutations

You regenerate magic rapidly.
Spells you cast may paralyse nearby enemies.


Message History

You slash the orc!
You kill the orc!
Things that are here:
a +0 dagger; a +0 scale mail
There is a stone staircase leading down here.
You start resting.
HP restored.
You climb downwards.
The jelly hits you but does no damage. x2
There is a stone staircase leading up here.
The jelly barely misses you.
You climb upwards.
There is a stone staircase leading down here.
You hit the jelly. The acid corrodes you!
Your hands burn!
The jelly is moderately wounded.
The jelly hits you but does no damage.
You hit the jelly.
Your hands burn!
The jelly is heavily wounded.
The jelly hits you. The acid corrodes you!
You are splashed with acid!
You hit the jelly.
Your hands burn!
The jelly is almost dead.
The jelly hits you.
You are splashed with acid!
You hit the jelly but do no damage.
Your hands burn!
The jelly is almost dead.
The jelly hits you.
* * * LOW HITPOINT WARNING * * *
You are splashed with acid.
* * * LOW HITPOINT WARNING * * *
The jelly hits you but does no damage.
You see here a +0 club.
Items here: )) [ ÷.
You are no longer corroded.
You see here a +0 club.
Items here: )) [ ÷.
You hit the jelly. The acid corrodes you!
Your hands burn!
* * * LOW HITPOINT WARNING * * *
The jelly is severely wounded.
The jelly closely misses you. The jelly hits you.
* * * LOW HITPOINT WARNING * * *
You are splashed with acid!
You die...

######.....##
#.#####...##≈##.##≈ # ####...#
#.# ##...'≈#._.≈≈ #####
#.#.###.# #...##≈##.##≈ ....#
#.......#####...#≈≈≈###≈≈ ###.#
###.............#≈≈≈≈≈≈≈≈
#.#########.###.......#⌠≈≈###≈≈
#...........###...#...#####.###
#######..#####..#..............
#...####.@####.........###
#........J..##.........#
#.###.......##.........# #.#
#.......##.........# #.#
##....>.[).........# ##.#
#....[.##........## ###..##
#.......).(.....#####
#.....###......##............
#............................


You could see a jelly.

Vanquished Creatures
  A necrophage (D:2)
  A phantom (D:3)
  A scorpion (D:3)
  2 hounds (D:3)
  A hound skeleton (D:2)
  3 gnolls (D:3)
  5 adders (D:2)
  A worm (D:3)
  A dart slug (D:1)
  4 orcs (D:3)
  4 ball pythons
  6 endoplasms
  3 giant cockroaches
  10 goblins
  6 hobgoblins
  3 jackals (D:2)
  4 quokkas
  5 bats
  3 frilled lizards
  6 kobolds
  8 rats
78 creatures vanquished.

Notes
Turn   | Place    | Note
-------+----------+-------------------------------------------
     0 | D:1      | Eitelfritz the Demonspawn Gladiator began the quest for the
                  | Orb.
     0 | D:1      | Reached XP level 1. HP: 16/16 MP: 1/1
   128 | D:1      | Reached skill level 3 in Long Blades
   155 | D:1      | Gained mutation: You regenerate magic rapidly. [demonic
                  | ancestry]
   155 | D:1      | Reached XP level 2. HP: 6/22 MP: 2/2
   640 | D:1      | Found Cuniexta's Weapon Shoppe.
   710 | D:1      | Reached XP level 3. HP: 23/27 MP: 3/3
  1641 | D:2      | Reached skill level 1 in Armour
  2008 | D:2      | Reached XP level 4. HP: 33/33 MP: 4/4
  2414 | D:2      | Noticed a necrophage
  2464 | D:2      | Killed a necrophage
  2465 | D:2      | Reached skill level 4 in Long Blades
  2465 | D:2      | Reached skill level 1 in Stealth
  2465 | D:2      | Gained mutation: Spells you cast may paralyse adjacent
                  | enemies. [demonic ancestry]
  2465 | D:2      | Reached XP level 5. HP: 28/39 MP: 5/5
  2630 | D:2      | Found a faded altar of an unknown god.
  3123 | D:3      | Noticed a phantom
  3151 | D:3      | Killed a phantom
  3152 | D:3      | Gained mutation: Spells you cast may paralyse nearby
                  | enemies. [demonic ancestry]
  3152 | D:3      | Reached XP level 6. HP: 38/46 MP: 6/6
  3168 | D:3      | Learned a level 2 spell: Static Discharge
  3268 | D:3      | Found a snail-covered altar of Cheibriados.
  3432 | D:3      | Found an ancient bone altar of Kikubaaqudgha.
  4222 | D:3      | Reached skill level 1 in Spellcasting
  4500 | D:3      | Splashed by a jelly's acid

Illustrated notes

Levels and vault maps discovered:
D:1:      dpeg_arrival_morbid_curiosity, layout_rooms, serial_shops,
          nicolae_shop_statue_plus
D:2:      layout_basic, dreamdust_ecumenical_altar_statues
D:3:      layout_rooms, cheibrodos_worm_habitat, kiku_gazebo_pond_becter,
          hangedman_decor_points
D:4:      black_bear_nest_2, layout_cave_pools, mainiacjoe_overflow_swirl,
          minmay_temple_entry_drinking_statues, serial_shops,
          nicolae_shop_behind_doors, grunt_ministairs_6, dk_noncrumbling_4

Skill      XL: |  1  2  3  4  5  6 |
---------------+-------------------+-----
Long Blades    | 3 4 |  4.8
Dodging        | 3 |  3.7
Armour         | 1 2 |  2.2
Throwing       | 2 |  2.0
Stealth        | 1 |  1.7
Fighting       | 3 |  3.1
Spellcasting   | 1 |  1.1

Action                   |  1- 3 |  4- 6 || total
-------------------------+-------+-------++-------
Melee: Long sword        |   136 |   182 ||   318
       Punch             |     6 |     3 ||     9
Throw: Throwing net      |       |     3 ||     3
  Use: Scroll            |       |     7 ||     7
 Stab: Held in net/web   |       |     2 ||     2
       Sleeping          |       |     3 ||     3
Armor: Leather armour    |    52 |    78 ||   130
       Scale mail        |       |    11 ||    11
Dodge: Dodged            |   126 |   159 ||   285
